 Dungeon Crawl Stone Soup version 0.17-a0-1954-g0dddeaa (webtiles) character file.

2067 kosy22 the Blocker (level 9, -9/74 HPs)
             Began as a Hill Orc Fighter on Oct 3, 2015.
             Mangled by an orc knight
             ... wielding a +0 halberd
              (31 damage)
             ... in a bailey.
             The game lasted 00:23:15 (10331 turns).

kosy22 the Blocker (Hill Orc Fighter)              Turns: 10331, Time: 00:23:15

Health: -9/74      AC:  9    Str: 22    XL:     9   Next: 26%
Magic:  18/18      EV: 10    Int:  8    God:
Gold:   431        SH: 13    Dex: 10    Spells: 0 memorised, 8 levels left

rFire  . . .     SeeInvis .     j - +2 dagger (venom)
rCold  . . .     Clarity  .     b - +0 scale mail
rNeg   . . .     SustAt   .     c - +2 shield
rPois  .         Gourm    .     (no helmet)
rElec  .         Spirit   .     o - +0 cloak
rCorr  .         Warding  .     (no gloves)
rMut   .         Stasis   .     (no boots)
MR     .....                    (no amulet)
Stlth  ..........               (no ring)
                                g - ring of magical power

@: not resistant to hostile enchantments, extremely unstealthy
A: no striking features
a: no special abilities


You were in a bailey.
You were not hungry.

You visited 2 branches of the dungeon, and saw 8 of its levels.
You also visited: Bailey.

You collected 431 gold pieces.

Inventory:

Hand weapons
 a - a +0 war axe
 j - a +2 dagger of venom (weapon)
 y - a +2 dire flail of protection
 B - a +1 halberd of flaming
Missiles
 k - 5 tomahawks of dispersal (quivered)
Armour
 b - a +0 scale mail (worn)
 c - a +2 shield (worn)
 o - a +0 cloak (worn)
 t - a +0 leather armour of positive energy
Jewellery
 g - a ring of magical power (left hand)
 i - an uncursed amulet of stasis
Magical devices
 e - a wand of confusion (20)
 r - a wand of frost (13)
 x - a wand of frost (28)
Scrolls
 n - 4 scrolls of remove curse
 v - a scroll of identify
 w - a scroll of amnesia {unknown}
 z - 2 scrolls of fear
 A - a scroll of enchant armour
Potions
 d - a potion of might
 f - a potion of agility
 h - a potion of curing
 u - a potion of haste
Books
 q - a Young Poisoner's Handbook

   Spells                             Type                      Level
   a - Sting                          Conjuration/Poison           1
   b - Cure Poison                    Poison                       2
   c - Mephitic Cloud                 Conjuration/Poison/Air       3
   d - Olgreb's Toxic Radiance        Poison                       4
   e - Venom Bolt                     Conjuration/Poison           5
Comestibles
 l - 2 meat rations
 m - a royal jelly
 p - a slice of pizza
 s - 2 bread rations


   Skills:
 + Level 5.2 Fighting
 + Level 2.9 Short Blades
 + Level 3.0 Axes
 + Level 7.3 Armour
 + Level 4.4 Dodging
 + Level 1.4 Stealth
 + Level 8.4 Shields
 + Level 0.4 Evocations


You had 8 spell levels left.
You didn't know any spells.

Dungeon Overview and Level Annotations

Branches:
Dungeon (7/15)             Temple (1/1) D:4

Altars:
Ashenzari
Cheibriados
Dithmenos
Elyvilon
Fedhas
Gozag
Kikubaaqudgha
Makhleb
Qazlal
Ru
Sif Muna
Vehumet
Xom
Yredelemnul


Message History

You hit the orc but do no damage.
The orc looks even sicker.
The orc is severely wounded.
You kill the orc!
Things that are here:
a spear; a scale mail; an orc corpse An orc knight comes into view.
It is wielding a halberd.
The orc knight shouts!
The orc warrior shouts!
An orc knight comes into view. It is wielding a glaive.
The orc knight shouts!
The orc shouts!
There is an open door here.
The orc knight roars a battlecry!
The orcs go into a battle-frenzy!
The orc warrior hits you from afar with a glaive!!
The orc closely misses you. The orc hits you but does no damage.
You hit the orc but do no damage.
The orc is poisoned.
The orc hits you with a spear.
The orc warrior hits you from afar with a glaive!!
* * * LOW HITPOINT WARNING * * *
The orc knight hits you from afar with a halberd!!
You die...

##.........## ##..≈≈≈≈≈≈≈..##
##..≈≈....o≈≈..##
##########..≈≈..###..≈≈..######
#..........≈≈..## ##..≈≈.......
#.≈≈≈≈≈≈≈≈≈≈..##.∩.##o.≈≈≈≈≈≈≈≈
#.≈...)......##.....##.........
#.≈.#########'###'#############
#.≈.## #.@oo..... ## #.≈..##
#..≈§§≈≈≈§. ##. #.≈≈..##
##..≈≈ooo..≈≈ ##..
#∩.≈≈..#'#..≈≈..o⌠⌠..≈ #..≈
##.≈≈..#'#..≈≈...⌠...≈ #..≈
#.≈≈..##.#+.§§§....§§≈ ##..
#.≈..##...##..≈≈≈≈≈≈§. ##.
#.≈.##.....##......... $$.##
#.≈.########## #####


You could see 2 orc knights, 2 orc warriors and 2 orcs.

Vanquished Creatures
  A deep elf mage (D:6)
  An orc warrior (D:6)
  A water moccasin (D:6)
  4 ogres
  A centaur (D:5)
  A wasp (D:6)
  2 big kobolds (D:6)
  4 scorpions
  3 crimson imps
  2 giant frog zombies
  A quasit (D:6)
  2 centaur zombies (D:4)
  A hound (D:6)
  2 jellies (D:5)
  2 giant frog skeletons (D:6)
  A worker ant (D:5)
  Jessica (D:2)
  3 iguanas
  A hound zombie (D:6)
  A hound skeleton (D:5)
  5 worker ant zombies
  7 gnolls (D:3)
  6 adders
  2 adder zombies
  An adder skeleton (D:6)
  2 worms
  6 giant geckos
  20 orcs
  6 hobgoblins
  5 jackals (D:6)
  14 kobolds
  2 quokkas
  A ball python (D:2)
  8 bats
  5 giant cockroaches
  2 giant cockroach zombies (D:4)
  A giant gecko zombie (D:4)
  3 giant newts
  18 goblins
  2 quokka zombies
  9 rats
160 creatures vanquished.

Notes
Turn   | Place    | Note
--------------------------------------------------------------
     0 | D:1      | kosy22 the Hill Orc Fighter began the quest for the Orb.
     0 | D:1      | Reached XP level 1. HP: 19/19 MP: 1/1
   457 | D:1      | Reached XP level 2. HP: 26/26 MP: 2/2
  1051 | D:2      | Reached XP level 3. HP: 28/33 MP: 3/3
  1709 | D:2      | Noticed Jessica
  1715 | D:2      | Killed Jessica
  1715 | D:2      | Reached skill level 4 in Armour
  1715 | D:2      | Reached XP level 4. HP: 38/40 MP: 4/4
  2240 | D:3      | Reached skill level 1 in Dodging
  2435 | D:3      | Reached XP level 5. HP: 16/46 MP: 5/5
  2483 | D:3      | HP: 2/46 [gnoll/spear (9)]
  3558 | D:3      | Found a radiant altar of Vehumet.
  3643 | D:4      | Found a snail-covered altar of Cheibriados.
  3695 | D:4      | Reached skill level 1 in Short Blades
  3751 | D:4      | Reached XP level 6. HP: 6/52 MP: 6/6
  4364 | D:4      | Reached skill level 5 in Shields
  4920 | D:4      | Reached skill level 5 in Armour
  5126 | D:4      | Found a staircase to the Ecumenical Temple.
  5182 | Temple   | Entered the Ecumenical Temple
  5737 | D:5      | Entered Level 5 of the Dungeon
  5757 | D:5      | Reached XP level 7. HP: 26/59 MP: 7/7
  6818 | D:5      | HP: 2/59 [ogre/giant spiked club (5)]
  6819 | D:5      | Reached skill level 6 in Armour
  7412 | D:6      | Reached XP level 8. HP: 66/66 MP: 8/8
  7560 | D:6      | Reached skill level 1 in Stealth
  8482 | D:6      | Reached skill level 7 in Shields
  8785 | D:6      | Noticed a deep elf mage
  8803 | D:6      | Killed a deep elf mage
  8972 | D:6      | Paralysed by a wasp for 3 turns
  9100 | D:6      | Reached skill level 5 in Fighting
  9100 | D:6      | Reached XP level 9. HP: 35/74 MP: 9/9
  9537 | D:6      | Reached skill level 8 in Shields
 10008 | D:7      | Found a flagged portal.
 10095 | Bailey   | Entered a bailey
 10327 | Bailey   | Noticed an orc knight
 10328 | Bailey   | Noticed an orc knight
 10331 | Bailey   | Mangled by an orc knight

Vault maps used:
D:1:      dpeg_arrival_tiny_k
D:2:      uniq_jessica
D:3:      vehumet_altar_wand_db
D:4:      temple_doors_a, serial_undead, serial_undead_c, serial_undead_c,
          serial_undead_c, serial_undead_e, serial_undead_a, serial_undead_f,
          serial_undead_d, serial_undead_b, cheibriados_altar_1
D:5:      first_bread, minmay_ogre_servants
D:6:      minmay_opposing_rooms, st_stairs_10, minmay_unpleasant_kobolds
D:7:      minitemple, enter_bailey_2, uniq_prince_ribbit1, uniq_duvessa
Temple:   zaba_magenta_temple_12
Bailey:   bailey_polearm_1, bailey

Action                   |  1- 3 |  4- 6 |  7- 9 || total
-------------------------+-------+-------+-------++-------
Melee: War axe           |    71 |       |       ||    71
       Dagger            |    60 |   333 |   431 ||   824
Evoke: Wand              |       |     2 |       ||     2
  Use: Scroll            |     3 |     7 |     2 ||    12
       Potion            |       |     6 |     6 ||    12
  Eat: Bread ration      |     1 |     3 |       ||     4
       Meat ration       |       |       |     3 ||     3
       Fruit             |       |       |     2 ||     2
